 Dungeon Crawl Stone Soup version 0.19-a0-97-g21dea92 (webtiles) character file.

60 Duffy the Insei (level 3, 0/29 HPs)
             Began as a Draconian Transmuter on May 16, 2016.
             Killed from afar by an orc wizard (3 damage)
             ... with a magic dart
             ... on level 3 of the Dungeon.
             The game lasted 00:02:09 (2102 turns).

Duffy the Insei (Draconian Transmuter)              Turns: 2102, Time: 00:02:10

Health: 0/29       AC:  5    Str: 12    XL:     3   Next: 80%
Magic:  0/6        EV: 12    Int: 13    God:
Gold:   92         SH:  0    Dex: 12    Spells: 2 memorised, 2 levels left

rFire  . . .     SeeInvis .       - Unarmed
rCold  . . .     Gourm    .     (armour unavailable)
rNeg   . . .     Faith    .     (no shield)
rPois  .         Spirit   +     (helmet restricted)
rElec  .         Dismiss  .     (no cloak)
rCorr  .         Reflect  .     (no gloves)
SustAt .         Harm     .     (no boots)
MR     .....                    k - amulet of guardian spirit
Stlth  +.........               (no ring)
                                (no ring)

@: very slightly contaminated, slowed, very slow, not resistant to hostile
enchantments, very unstealthy
A: unfitting armour, cold-blooded, AC +5
a: no special abilities


You were on level 3 of the Dungeon.
You were very hungry.

You visited 1 branch of the dungeon, and saw 3 of its levels.

You collected 92 gold pieces.


Innate Abilities, Weirdness & Mutations

Your plain brown scales are hard (AC +5).
Your body does not fit into most forms of armour.
You are cold-blooded and may be slowed by cold attacks.


   Skills:
 - Level 1.8 Fighting
 - Level 1.8 Dodging
 + Level 4.1 Unarmed Combat
 - Level 2.0 Spellcasting
 + Level 2.6 Transmutations


You had 2 spell levels left.
You knew the following spells:

 Your Spells              Type           Power        Failure   Level  Hunger
a - Spider Form           Trmt/Pois      #.........   52%         3    ####...
b - Beastly Appendage     Trmt           #.....       10%         1    ##.....

Inventory:

Missiles
 a - 24 arrows
Jewellery
 k - an amulet of guardian spirit (around neck)
 t - a +4 amulet of reflection {unknown}
Scrolls
 e - a scroll of enchant armour {unknown}
 g - 2 scrolls of identify {unknown}
 h - a scroll of noise {unknown}
 n - a scroll of magic mapping {unknown}
 p - a scroll of immolation {unknown}
 r - a scroll of blinking {unknown}
 u - 2 scrolls of remove curse {unknown}
Potions
 d - 2 potions of haste {unknown}
 f - 2 potions of might {unknown}
 i - a potion of ambrosia {unknown}
 j - a potion of agility {unknown}
 l - a potion of lignification {unknown}
 o - a potion of invisibility {unknown}
 q - a potion of resistance {unknown}
 v - 2 potions of flight {unknown}
 w - a potion of berserk rage {unknown}
Books
 b - a book of Changes
Comestibles
 c - 2 bread rations
 m - 5 fruits
 s - a slice of pizza

Dungeon Overview and Level Annotations

Branches:
Dungeon (3/15)

Altars:
Pakellas


Message History

The orc wizard points at you and mumbles some strange words.
You feel yourself slow down.
You see here a hand axe.
You hit the orc wizard.
The orc wizard is lightly wounded.
The orc wizard gestures wildly while chanting.
The orc wizard blinks!
The orc wizard hits you but does no damage.
You hit the orc wizard.
The orc wizard is lightly wounded.
The orc wizard misses you. The orc wizard closely misses you.
You closely miss the orc wizard.
The orc wizard is lightly wounded.
The orc wizard casts a spell at you. The magic dart hits you!
You hit the orc wizard.
The orc wizard is heavily wounded.
The orc wizard hits you with a dagger. The orc wizard casts a spell at you.
The magic dart hits you!
You closely miss the orc wizard.
You tail-slap the orc wizard, but do no damage.
The orc wizard is heavily wounded.
The orc wizard completely misses you. The orc wizard barely misses you.
You hit the orc wizard.
The orc wizard is severely wounded.
The orc wizard hits you but does no damage.
The orc wizard hits you with a dagger. The orc wizard barely misses you.
You hit the orc wizard.
The orc wizard is almost dead.
The orc wizard barely misses you. The orc wizard hits you with a dagger.
You closely miss the orc wizard.
The orc wizard is almost dead.
The orc wizard closely misses you. x2
You hit the orc wizard but do no damage.
Your punch misses the orc wizard.
The orc wizard is almost dead.
The orc wizard barely misses you. The orc wizard hits you with a dagger.
You hit the orc wizard but do no damage.
The orc wizard is almost dead.
The orc wizard closely misses you.
The orc wizard hits you but does no damage.
You hit the orc wizard but do no damage.
The orc wizard is almost dead.
The orc wizard misses you. The orc wizard closely misses you.
You closely miss the orc wizard.
The orc wizard is almost dead.
The orc wizard gestures at you while chanting.
The magic dart hits you!
You die...

.# #.# .# #.#
.####### #.#
........ #.#
#############
#.#
#...........#
#.#
#.#########.#
#.#
#...........#
#.#
#.###########
#@#
#<........
#o#
#..#######
#o#
#.........
#o#
##.#######
#o#
...#########
#.#
............
#.#
..........#.
#.#
.########.#
#.#


You could see an orc wizard and 3 orcs.

Action                   || total
-------------------------++-------
Melee: Unarmed           ||   160
       Tailslap          ||     8
       Punch             ||     2
  Eat: Chunk             ||     3
Armor: Skin              ||    57
Dodge: Dodged            ||   119

Notes
Turn   | Place    | Note
--------------------------------------------------------------
     0 | D:1      | Duffy the Draconian Transmuter began the quest for the Orb.
     0 | D:1      | Reached XP level 1. HP: 16/16 MP: 3/3
   324 | D:1      | Reached XP level 2. HP: 20/23 MP: 5/5
  1013 | D:2      | Reached XP level 3. HP: 29/29 MP: 6/6
  1018 | D:2      | Learned a level 3 spell: Spider Form
  1446 | D:2      | Found an oddly glowing altar of Pakellas.
  1446 | D:2      | Noticed a hungry ghost
  1485 | D:2      | Killed a hungry ghost
  1620 | D:2      | Reached skill level 4 in Unarmed Combat
  2102 | D:3      | Killed from afar by an orc wizard

Skill      XL: |  1  2  3 |
---------------+----------+-----
Unarmed Combat | 4 |  4.1
Fighting       | |  1.8
Dodging        | |  1.8
Spellcasting   | |  2.0
Transmutations | |  2.6

Vault maps used:
D:1:      lightli_arrival_lavapool, minmay_misc_feat_ornament,
          minmay_misc_feat_more_columns
D:2:      kennysheep_cluttered_room, minmay_tree_intersection,
          gammafunk_pakellas_cloud_experiment
D:3:      nicolae_qazlal_eye_of_the_storm

Vanquished Creatures
  A hungry ghost
  2 adders
  3 worms
  A giant gecko
  An orc
  4 hobgoblins
  3 jackals
  A quokka
  A ball python
  3 bats
  A giant newt
  5 goblins
  6 kobolds
  3 rats
35 creatures vanquished.
